 Dungeon Crawl Stone Soup version 0.18-a0-1730-g73f0523 (webtiles) character file.

10611 Conn321 the Blocker (level 11, -2/86 HPs)
             Began as a Formicid Fighter on Apr 10, 2016.
             Was a High Priest of Trog.
             Slain by an orc warlord
             ... wielding a +3 glaive of pain
              (36 damage)
             ... on level 2 of the Orcish Mines.
             The game lasted 02:46:18 (12743 turns).

Conn321 the Blocker (Formicid Fighter)             Turns: 12743, Time: 02:46:18

Health: -2/86      AC: 12    Str: 22    XL:     11   Next: 96%
Magic:  11/11      EV: 19    Int: 14    God:    Trog [*****.]
Gold:   738        SH: 17    Dex: 19    Spells: 0 memorised, 10 levels left

rFire  . . .     SeeInvis +     a - +10 rapier of Slow Death {drain, Int+5}
rCold  . . .     Gourm    .     Q - +0 scale mail of Articulation {rElec Dex+4}
rNeg   . . .     Faith    .     c - +0 shield
rPois  .         Spirit   .     (helmet unavailable)
rElec  +         Dismiss  .     J - +0 cloak
rCorr  .         Reflect  +     Y - +0 pair of gloves (curse)
SustAt .         Harm     .     K - +0 pair of boots
MR     +....                    l - +4 amulet of reflection
Stlth  +.........               Z - +4 ring of evasion
                                j - +4 ring of dexterity

@: somewhat resistant to hostile enchantments, very unstealthy
A: permanent stasis, dig shafts and tunnels, four strong arms, antennae 3
a: Dig, Shaft Self, Trog's Hand, Brothers in Arms, Burn Spellbooks, Renounce
Religion


You were on level 2 of the Orcish Mines.
You worshipped Trog.
Trog was extremely pleased with you.
You were very hungry.

You visited 3 branches of the dungeon, and saw 13 of its levels.
You also visited: Sewer.

You collected 836 gold pieces.
You spent 98 gold pieces at shops.

Inventory:

Hand Weapons
 a - the +10 rapier of Slow Death (weapon) {drain, Int+5}
   (You found it on level 7 of the Dungeon)

   A truly terrible weapon, it drains the life of those it strikes.
   It affects your intelligence (+5).
 b - a +4 hand crossbow of evasion
 d - a +0 shortbow
 h - a +0 blowgun
 u - a +1 great sword of freezing
 w - a +1 short sword of holy wrath
 F - a +3 war axe
 R - a +0 hunting sling
 T - a +0 shortbow of evasion
Missiles
 e - 54 poisoned needles
 g - 12 poisoned arrows
 i - 376 stones
 o - 12 tomahawks
 v - 2 javelins (quivered)
 z - 74 sling bullets
 C - 5 curare-tipped needles
 M - 132 arrows
 N - 38 bolts
Armour
 c - a +0 shield (worn)
 x - a +0 scale mail
 A - a +0 ring mail of cold resistance
 J - a +0 cloak (worn)
 K - a +0 pair of boots (worn)
 Q - the +0 scale mail of Articulation (worn) {rElec Dex+4}
   (You found it on level 6 of the Dungeon)

   It affects your dexterity (+4).
   It insulates you from electricity.
 U - a +0 pair of gloves
 Y - a cursed +0 pair of gloves (worn)
Rods
 X - a +1 rod of ignition (10/10)
   (You found it on level 9 of the Dungeon)
Jewellery
 j - a +4 ring of dexterity (left hand)
 l - a +4 amulet of reflection (around neck)
 O - an uncursed ring of positive energy
 V - a +2 ring of dexterity
 Z - a +4 ring of evasion (right hand)
Wands
 L - a wand of acid (0/15)
 S - a wand of lightning (3/15)
Scrolls
 m - 6 scrolls of remove curse
 q - 2 scrolls of recharging
 y - 5 scrolls of identify
 G - a scroll of fear
 H - a scroll of fog
 I - 4 scrolls of immolation
Potions
 p - a potion of resistance
 r - 4 potions of cure mutation
 t - 4 potions of brilliance
 E - 4 potions of flight
Comestibles
 f - 6 bread rations
 k - 3 slices of pizza
 n - 4 fruits
 s - a beef jerky
 B - a royal jelly
 D - 4 meat rations


   Skills:
 + Level 8.0 Fighting
 + Level 4.7(4.8) Short Blades
 + Level 1.4(3.3) Long Blades
 + Level 7.4 Axes
 + Level 1.7 Crossbows
 + Level 1.3 Throwing
 + Level 7.6 Armour
 + Level 6.9 Dodging
 + Level 1.6 Stealth
 + Level 12.2 Shields
 + Level 0.2 Evocations


You had 10 spell levels left.
You didn't know any spells.

Dungeon Overview and Level Annotations

Branches:
Dungeon (10/15)            Temple (1/1) D:5            Lair (0/8) D:10
    Orc (2/2) D:10
    Elf: Orc:2

Altars:
Ashenzari
Cheibriados
Dithmenos
Elyvilon
Fedhas
Gozag
Kikubaaqudgha
Makhleb
Nemelex Xobeh
Okawaru
Pakellas
Qazlal
Ru
Sif Muna
Trog
Vehumet
Xom
Yredelemnul
Zin
The Shining One

Shops:
D:5 :   D:6 !=*(


Innate Abilities, Weirdness & Mutations

You are under a permanent stasis effect.
You can dig through walls and to a lower floor.
Your four strong arms can wield two-handed weapons with a shield.
You have a pair of large antennae on your head (SInv).


Message History

The orc priest no longer looks unusually strong.
The orc warlord roars a battlecry!
The orcs go into a battle-frenzy!
The orc warlord hits you from afar with a glaive of pain!
You writhe in agony.
* * * LOW HITPOINT WARNING * * *
The orc wizard closely misses you.
Unknown command.
Unknown command.
Unknown command.
Drink which item? (? for menu, Esc to quit)
You feel better.
The orc warrior no longer looks unusually strong. x2
The orc wizard no longer looks unusually strong.
The orc priest mumbles some strange prayers to Beogh against you.
The orc wizard struggles to resist.
The orc warlord roars a battlecry!
The orc warriors go into a battle-frenzy!
The orc warlord hits you from afar with a glaive of pain!!!
You die...

.....#.... {
.......... {
$.........
#..#......
###......... o{
##.#...#.....
o..o#.oo.........
....ooo§o@.......
##.....o)o.......
#.....4.........
#...........#...
##...#$#.#......
##.#######.#.#.
## ####


You could see an orc warlord, an orange demon, an orc sorcerer, 2 orc warriors,
an orc priest, 2 orc wizards and 2 orcs.

Vanquished Creatures
  The ghost of Protee the Transmogrifier, a novice OpTm of Cheibriados (D:8)
  The ghost of 4thArraOfDagon the Cleaver, a novice HOBe of Trog (D:6)
  2 trolls (D:10)
  Prince Ribbit (D:5)
  2 wyverns
  2 hippogriffs
  2 hell hounds (D:10)
  16 orc warriors
  3 ice beasts
  2 sky beasts
  2 phantoms
  16 ogres
  A necrophage (D:6)
  5 centaurs
  7 big kobolds
  3 giant frogs
  4 gnoll sergeants
  Blork the orc (D:5)
  A wyvern skeleton (D:10)
  A scorpion (D:8)
  9 killer bees
  15 wights
  7 howler monkeys
  A crimson imp (D:5)
  Crazy Yiuf (D:5)
  3 gnoll shamans
  3 orc priests
  6 hounds
  14 orc wizards
  2 giant frog skeletons
  6 iguanas
  Terence (D:2)
  8 worker ants
  A hound zombie (D:6)
  A hound skeleton (D:4)
  15 adders
  26 gnolls
  2 shadow imps
  An ooze (Sewer)
  An adder skeleton (D:5)
  2 adder zombies
  5 worms
  2 dart slugs
  8 giant geckos
  54 orcs
  13 bats
  5 giant cockroaches
  9 goblins
  14 hobgoblins
  21 jackals
  54 kobolds
  5 quokkas
  2 ball pythons
  A giant cockroach zombie (D:6)
  A giant gecko skeleton (D:5)
  9 giant newts
  5 rats
406 creatures vanquished.

Vanquished Creatures (others)
  2 centaurs (D:8)
  An orc wizard (D:10)
  A kobold (D:4)
  5 fungi (D:8)
  2 plants (D:8)
11 creatures vanquished.

Grand Total: 417 creatures vanquished

Notes
Turn   | Place    | Note
--------------------------------------------------------------
     0 | D:1      | Conn321 the Formicid Fighter began the quest for the Orb.
     0 | D:1      | Reached XP level 1. HP: 18/18 MP: 1/1
   100 | D:1      | Reached XP level 2. HP: 15/24 MP: 2/2
   340 | D:1      | Reached XP level 3. HP: 28/30 MP: 3/3
   560 | D:1      | Reached skill level 1 in Dodging
   815 | D:2      | Reached skill level 4 in Shields
   815 | D:2      | Reached XP level 4. HP: 34/37 MP: 4/4
  1341 | D:2      | Reached XP level 5. HP: 42/42 MP: 5/5
  1358 | D:2      | Noticed Terence
  1363 | D:2      | Killed Terence
  1647 | D:2      | You fall through a shaft for 2 floors!
  1668 | D:4      | Reached skill level 5 in Shields
  1800 | D:4      | Reached XP level 6. HP: 47/48 MP: 6/6
  2194 | D:4      | Reached XP level 7. HP: 55/55 MP: 7/7
  2302 | D:4      | Reached skill level 6 in Shields
  2701 | D:4      | Reached XP level 8. HP: 37/61 MP: 8/8
  2787 | D:4      | Reached skill level 5 in Axes
  2933 | D:3      | Found a faded altar to an unknown god.
  3160 | D:3      | Found a glowing drain.
  3192 | Sewer    | Entered a sewer
  4169 | D:5      | Entered Level 5 of the Dungeon
  4254 | D:5      | Found a sparkling altar of Nemelex Xobeh.
  4273 | D:5      | Reached skill level 7 in Shields
  4687 | D:5      | Found Wuume's Book Boutique.
  4697 | D:5      | Reached skill level 5 in Fighting
  4714 | D:5      | Noticed Prince Ribbit
  4898 | D:5      | Killed Prince Ribbit
  4898 | D:5      | Reached skill level 5 in Armour
  4898 | D:5      | Reached XP level 9. HP: 25/68 MP: 9/9
  5106 | D:5      | Found a staircase to the Ecumenical Temple.
  5122 | Temple   | Entered the Ecumenical Temple
  5174 | Temple   | Became a worshipper of Trog the Wrathful
  5364 | D:5      | Noticed Blork the orc
  5369 | D:5      | Killed Blork the orc
  5369 | D:5      | Reached skill level 1 in Stealth
  5589 | D:5      | Noticed Crazy Yiuf
  5596 | D:5      | Killed Crazy Yiuf
  5596 | D:5      | Reached skill level 8 in Shields
  5722 | D:6      | Found Eger's Weapon Emporium.
  5770 | D:6      | Got a translucent scale mail
  5781 | D:6      | Identified the +0 scale mail of Articulation {rElec Dex+4} (You found it on level 6 of the Dungeon)
  5849 | D:6      | Noticed a troll
  6307 | D:6      | Found Usys's General Store.
  6353 | D:6      | Reached * piety under Trog
  6672 | D:5      | You are sucked into a shaft!
  6978 | D:6      | Found a sacrificial altar of Ru.
  7012 | D:6      | Found a stormy altar of Qazlal.
  7080 | D:6      | Found Liodylug's Jewellery Boutique.
  7112 | D:6      | Found Xouh's Assorted Antiques.
  7119 | D:6      | Bought a runed hand crossbow for 98 gold pieces
  7167 | D:6      | Noticed 4thArraOfDagon's ghost (novice HOBe)
  7172 | D:6      | Reached skill level 1 in Throwing
  7190 | D:6      | Killed 4thArraOfDagon's ghost
  7466 | D:6      | Reached skill level 9 in Shields
  7606 | D:6      | Found Enu Cuqa's Distillery.
  7919 | D:6      | Reached XP level 10. HP: 69/76 MP: 10/10
  8104 | D:7      | Reached skill level 5 in Dodging
  8418 | D:7      | Reached ** piety under Trog
  8451 | D:7      | Got a twisted rapier
  8485 | D:7      | Identified the +10 rapier of Slow Death {drain, Int+5} (You found it on level 7 of the Dungeon)
  8493 | D:7      | Found a shimmering altar of Xom.
  9252 | D:8      | Reached skill level 10 in Shields
  9322 | D:8      | Reached skill level 1 in Long Blades
  9461 | D:8      | Reached skill level 1 in Short Blades
  9649 | D:8      | Noticed Protee's ghost (novice OpTm)
  9673 | D:8      | Killed Protee's ghost
  9782 | D:8      | Reached *** piety under Trog
  9782 | D:8      | Reached XP level 11. HP: 66/83 MP: 11/11
 10111 | D:8      | Reached skill level 11 in Shields
 10549 | D:8      | Reached **** piety under Trog
 10840 | D:9      | Found an iron altar of Okawaru.
 10922 | D:9      | Identified a +1 rod of ignition (10/10) (You found it on level 9 of the Dungeon)
 11414 | D:10     | Entered Level 10 of the Dungeon
 11466 | D:10     | Reached skill level 1 in Crossbows
 11502 | D:10     | Found a staircase to the Orcish Mines.
 11881 | D:10     | Reached ***** piety under Trog
 11906 | D:10     | Reached skill level 12 in Shields
 11936 | D:10     | Found a staircase to the Lair.
 12658 | Orc:1    | Entered Level 1 of the Orcish Mines
 12725 | Orc:2    | Entered Level 2 of the Orcish Mines
 12729 | Orc:2    | Noticed an orc sorcerer
 12730 | Orc:2    | Noticed an orc warlord
 12739 | Orc:2    | Received a gift from Trog
 12743 | Orc:2    | Slain by an orc warlord

Vault maps used:
D:1:      dpeg_arrival_stonehenge_8_columns, minmay_misc_feat_tower,
          minmay_fountain_box, minmay_misc_feat_four_crosses
D:2:      uniq_terence
D:3:      portal_sewer_entry_f, ecumenical_altar_2
D:4:      minmay_goblin_kobold_castle
D:5:      lemuel_round_altar, minmay_temple_entry_fiery, serial_shops, shop,
          first_bread, hangedman_decor_push, uniq_prince_ribbit1,
          uniq_crazy_yiuf_cottage, uniq_blork_the_orc
D:6:      marbit_many_paths, nicolae_qazlal_general_emergency, serial_shops,
          shop, nicolae_shop_waterfront, shop, kennysheep_mini_moat,
          shop_fountains
D:7:      xom_teletrap_fun
D:8:      kennysheep_seaside_town
D:9:      okawaru_gym_becter
D:10:     minmay_lair_entry_lava, kennysheep_orc_monster_closet_entryway
Temple:   nicolae_temple_no_exploring_needed
Orc:1:    serial_shops, shop, nicolae_orc_sculptors_studio, uniq_gastronok
Orc:2:    grunt_orc_cross, lemuel_statue_altar
Sewer:    sewer_fruit_machine

Skill      XL: |  1  2  3  4  5  6  7  8  9 10 11 |
---------------+----------------------------------+-----
Dodging        | 1 2 4 5 6 |  6.9
Shields        | 4 5 6 7 9 10 12 | 12.2
Fighting       | 4 5 6 7 8 |  8.0
Axes           | 3 4 5 6 7 |  7.4
Armour         | 4 5 6 7 |  7.6
Stealth        | 1 |  1.6
Throwing       | 1 |  1.3
Long Blades    | 1 |  1.4
Short Blades   | 2 4 |  4.7
Crossbows      | 1 |  1.7
Evocations     | |  0.2

Action                   |  1- 3 |  4- 6 |  7- 9 | 10-12 || total
-------------------------+-------+-------+-------+-------++-------
Melee: War axe           |    86 |   205 |   471 |    72 ||   834
       Rapier            |       |       |       |   481 ||   481
       Great sword       |       |       |       |    21 ||    21
 Fire: Blowgun           |       |       |     8 |       ||     8
       Hand crossbow     |       |       |       |    24 ||    24
Throw: Javelin           |     1 |       |     6 |       ||     7
Invok: Trog's Hand       |       |       |       |     1 ||     1
       Burn Spellbooks   |       |       |       |     1 ||     1
 Abil: Shaft Self        |       |     1 |     1 |       ||     2
       Dig               |       |       |     1 |       ||     1
Evoke: Wand              |       |       |     3 |       ||     3
       Rod               |       |       |       |     1 ||     1
  Use: Scroll            |       |     5 |     7 |     4 ||    16
       Potion            |       |     1 |    12 |     2 ||    15
  Eat: Chunk             |       |     5 |    19 |    17 ||    41
